 Dungeon Crawl Stone Soup version 0.22-a0-322-g60b3cfd402 (webtiles) character file.

20206 Oravi the Transmogrifier (level 12, -14/84 HPs)
             Began as a Merfolk Transmuter on Apr 2, 2018.
             Was an Elder of Qazlal.
             Killed from afar by an efreet (19 damage)
             ... with a fireball
             ... on level 13 of the Dungeon.
             The game lasted 01:41:41 (15927 turns).

Oravi the Transmogrifier (Merfolk Transmuter)      Turns: 15927, Time: 01:41:42

Health: -14/84     AC:  3    Str: 10    XL:     12   Next: 77%
Magic:  15/16      EV: 34    Int: 16    God:    Qazlal [****..]
Gold:   1004       SH:  5    Dex: 21    Spells: 5/15 levels left

rFire    . . .     SeeInvis +     - Unarmed
rCold    . . .     Gourm    .   (shield currently unavailable)
rNeg     . . .     Faith    .   (armour currently unavailable)
rPois    x         Spirit   .   (helmet currently unavailable)
rElec    .         Reflect  .   (cloak currently unavailable)
rCorr    .         Harm     .   (gloves currently unavailable)
MR       .....                  (boots currently unavailable)
Stlth    +.........             (no amulet)
HPRegen  0.24/turn              n - ring of see invisible
MPRegen  0.15/turn              C - +1 ring of protection

@: spider-form, repel missiles
A: tiny, (change form in water), (swift swim), (stealthy swim)
a: End Transformation, Upheaval, Elemental Force, Renounce Religion


You were on level 13 of the Dungeon.
You worshipped Qazlal.
Qazlal was greatly pleased with you.
You were not hungry.
You were a venomous arachnid creature.
You visited 2 branches of the dungeon, and saw 14 of its levels.
You also visited: Sewer.

You collected 1004 gold pieces.

Inventory:

Missiles
 a - 263 arrows
Armour
 D - a +2 robe of magic resistance (melded)
 I - a +2 pair of boots (melded)
Jewellery
 n - a ring of see invisible (left front leg)
 C - a +1 ring of protection (right front leg)
Wands
 w - a wand of random effects (43)
 x - a wand of flame (39)
 y - a wand of disintegration (14)
 z - a wand of polymorph (27)
 A - a wand of digging (26)
 H - a wand of paralysis (15)
Scrolls
 c - 2 scrolls of blinking {unknown}
 e - a scroll of fog
 f - 4 scrolls of amnesia
 h - 3 scrolls of teleportation
 l - 5 scrolls of remove curse
 m - 3 scrolls of enchant weapon
 o - 3 scrolls of identify
 q - 2 scrolls of magic mapping
 t - 4 scrolls of enchant armour
 B - a scroll of holy word {unknown}
 E - a scroll of silence {unknown}
 F - a scroll of fear {unknown}
Potions
 b - a potion of ambrosia
 g - 3 potions of curing
 i - 4 potions of cancellation
 j - a potion of magic
 k - 5 potions of flight
 p - 4 potions of haste
 r - 3 potions of mutation
 s - 3 potions of agility
 u - a potion of might
 v - 2 potions of brilliance
 G - a potion of lignification {unknown}
Comestibles
 d - 22 rations


   Skills:
 + Level 4.7 Fighting
 + Level 13.1 Dodging
 - Level 11.2 Unarmed Combat
 - Level 2.0 Spellcasting
 * Level 13.6 Transmutations
 * Level 6.4 Ice Magic
 + Level 6.8 Poison Magic
 * Level 5.7 Invocations


You had 5 spell levels left.
You knew the following spells:

 Your Spells              Type           Power        Failure   Level  Hunger
a - Beastly Appendage     Tmut           #####.       1%          1    #......
b - Sticks to Snakes      Tmut           #####...     1%          2    ###....
c - Spider Form           Tmut/Pois      ####......   4%          3    ###....
d - Ice Form              Ice/Tmut       ####....     11%         4    #####..


Dungeon Overview and Level Annotations

Branches:
Dungeon (13/15)            Temple (1/1) D:7            Lair (0/6) D:11
    Orc (0/2) D:10
 Vaults: D:13-14

Altars:
Ashenzari
Cheibriados
Dithmenos
Elyvilon
Fedhas
Gozag
Hepliaklqana
Kikubaaqudgha
Makhleb
Nemelex Xobeh
Okawaru
Qazlal
Ru
Sif Muna
Trog
Uskayaw
Vehumet
Wu Jian
Xom
Yredelemnul
Zin
The Shining One

Shops:
D:4 [   D:5 [   D:9 (:[*   D:10 (*   D:12 (


Message History

The efreet completely misses you.
You barely miss the efreet.
The efreet is heavily wounded.
You hit the efreet.
The efreet is severely wounded.
The efreet gestures at you.
The fireball explodes!
The fireball engulfs you!
The fireball engulfs the efreet.
The efreet completely resists.
You hear a shout!
You hear two shouts!
You hit the efreet.
The efreet is severely wounded.
The efreet gestures at you.
The fireball explodes!
The fireball engulfs you!
* * * LOW HITPOINT WARNING * * *
The fireball engulfs the efreet.
The efreet completely resists.
You barely miss the efreet.
The efreet is almost dead.
The efreet gestures at you.
The fireball explodes!
The fireball engulfs you!
You die...

#.# #.# #.#
#.##..# #.#
#.##..# #.#
#.##..# ##C#
#.#...# #..#
#.#...# #.##
#.#ยงยงยง# #.#
#.R.# #.#
##s###### #.#
#########((...#.#
#### #.#
#...............#
#... #.#
#.#######(....###
#.## #.# #.#
#.[<..# #.#
#.###.# ###.###
#.# #.....# #.#
#.# ####### #.#
#.# #.# #.#


You could see an efreet.

Vanquished Creatures
  Nessos (D:12)
  Harold (D:10)
  2 centaur warriors (D:13)
  A two-headed ogre (D:10)
  2 tengu warriors (D:13)
  Urug (D:11)
  5 unseen horrors
  An ugly thing (D:13)
  A wolf spider (D:13)
  A cyclops (D:12)
  A deep elf mage (D:13)
  Psyche (D:8)
  Joseph (D:8)
  A spiny frog (shapeshifter) (D:13)
  3 trolls
  4 hippogriffs
  A shadow (D:12)
  A vampire (D:9)
  A human (D:9)
  7 yaks
  2 wraiths
  A hungry ghost (D:9)
  2 vampire mosquitoes (D:13)
  An acid dragon (D:11)
  8 orc warriors
  2 ice beasts
  2 sky beasts
  2 black bears
  7 ogres
  3 phantoms
  4 centaurs
  4 crocodiles (D:11)
  11 bullfrogs
  2 big kobolds
  2 scorpions
  7 killer bees
  3 wights (D:12)
  4 howler monkeys
  2 jellies
  A centaur zombie (D:6)
  3 bullfrog zombies
  5 crimson imps
  An iron imp (D:6)
  6 orc priests
  3 bullfrog skeletons
  2 hounds
  2 quasits
  2 centaur skeletons (D:12)
  20 orc wizards
  4 iguanas
  7 worker ants
  3 hound skeletons
  A worker ant zombie (D:9)
  15 adders
  2 river rats (Sewer)
  A shadow imp (D:13)
  2 oozes
  An adder zombie (D:9)
  An adder skeleton (D:7)
  2 worms
  2 dart slugs
  8 leopard geckos
  38 orcs
  A ball python (D:2)
  6 giant cockroaches
  7 goblins
  4 hobgoblins
  13 jackals
  19 kobolds
  4 quokkas
  2 bats
  9 frilled lizards
  A giant cockroach zombie (D:5)
  A goblin skeleton (D:6)
  2 goblin zombies (D:6)
  3 hobgoblin zombies (D:6)
  A kobold skeleton (D:6)
  13 rats
324 creatures vanquished.

Vanquished Creatures (collateral kills)
  An orc (D:5)
  A hobgoblin zombie (D:6)
  3 kobold skeletons (D:6)
  An orc zombie (D:6)
6 creatures vanquished.

Vanquished Creatures (others)
  An acid dragon (D:13)
1 creature vanquished.

Grand Total: 331 creatures vanquished

Notes
Turn   | Place    | Note
-------+----------+-------------------------------------------
     0 | D:1      | Oravi the Merfolk Transmuter began the quest for the Orb.
     0 | D:1      | Reached XP level 1. HP: 15/15 MP: 3/3
    64 | D:1      | Reached XP level 2. HP: 21/21 MP: 3/5
   666 | D:2      | Reached XP level 3. HP: 11/26 MP: 6/6
   820 | D:2      | Learned a level 2 spell: Sticks to Snakes
   831 | D:2      | Learned a level 3 spell: Spider Form
  1032 | D:2      | Reached skill level 5 in Transmutations
  1623 | D:2      | Reached skill level 1 in Poison Magic
  1623 | D:2      | Reached XP level 4. HP: 25/32 MP: 7/7
  2520 | D:2      | Found a deep blue altar of Sif Muna.
  3594 | D:4      | Reached XP level 5. HP: 34/37 MP: 4/8
  3690 | D:4      | Found a sparkling altar of Nemelex Xobeh.
  3739 | D:4      | Found Nuivaopn's Armour Shop.
  3744 | D:4      | Reached XP level 6. HP: 26/43 MP: 5/9
  3968 | D:4      | Found a radiant altar of Vehumet.
  4199 | D:4      | Found a glowing drain.
  4206 | Sewer    | Entered a sewer
  4406 | Sewer    | Found a white marble altar of Elyvilon.
  4665 | D:4      | Reached XP level 7. HP: 48/48 MP: 6/10
  4720 | D:4      | Reached skill level 5 in Unarmed Combat
  4991 | D:5      | Entered Level 5 of the Dungeon
  5081 | D:5      | Found Wuvusuph's Antique Armour Shoppe.
  5775 | D:6      | Found a stormy altar of Qazlal.
  5830 | D:6      | Became a worshipper of Qazlal Stormbringer
  5881 | D:6      | Reached XP level 8. HP: 47/54 MP: 8/11
  5934 | D:6      | Found a glowing golden altar of the Shining One.
  5943 | D:6      | Reached * piety under Qazlal
  6193 | D:6      | Reached skill level 5 in Dodging
  6217 | D:6      | Found a sacrificial altar of Ru.
  7507 | D:7      | Found a white marble altar of Elyvilon.
  7675 | D:7      | Reached XP level 9. HP: 61/61 MP: 10/12
  7721 | D:7      | Found a staircase to the Ecumenical Temple.
  7756 | Temple   | Entered the Ecumenical Temple
  8165 | D:7      | Reached skill level 10 in Unarmed Combat
  8171 | D:7      | Reached ** piety under Qazlal
  8422 | D:7      | Found a shimmering altar of Xom.
  8618 | D:7      | Found a basalt altar of Yredelemnul.
  8962 | D:8      | Noticed Psyche
  8973 | D:8      | Killed Psyche
  9291 | D:8      | Noticed Joseph
  9307 | D:8      | Killed Joseph
  9502 | D:8      | Reached XP level 10. HP: 36/68 MP: 3/13
  9656 | D:8      | Learned a level 4 spell: Ice Form
 10172 | D:9      | Found an opulent altar of Gozag.
 10282 | D:9      | Found a snail-covered altar of Cheibriados.
 10308 | D:9      | Found a shattered altar of Ashenzari.
 10332 | D:9      | Found Delevin's Antique Weapon Shop.
 10353 | D:9      | Reached *** piety under Qazlal
 10380 | D:9      | Found Kuitseck's Book Shoppe.
 10412 | D:9      | Reached skill level 1 in Ice Magic
 10426 | D:9      | Found an iron altar of Okawaru.
 10873 | D:9      | Found Bahouss's Antique Armour Shop.
 10914 | D:9      | Found Tobir's Assorted Antiques.
 11000 | D:9      | Reached skill level 10 in Transmutations
 11060 | D:9      | Found a sparkling altar of Nemelex Xobeh.
 11122 | D:9      | Reached skill level 1 in Invocations
 11122 | D:9      | Reached skill level 5 in Poison Magic
 11494 | D:10     | Entered Level 10 of the Dungeon
 11502 | D:10     | Found Wual Oto's Antique Weapon Boutique.
 11509 | D:10     | Noticed an unseen horror
 11530 | D:10     | Killed an unseen horror
 11530 | D:10     | Reached **** piety under Qazlal
 11530 | D:10     | Reached skill level 10 in Dodging
 11530 | D:10     | Reached XP level 11. HP: 41/76 MP: 12/14
 11764 | D:10     | Found a blossoming altar of Fedhas.
 11866 | D:10     | Found a staircase to the Orcish Mines.
 12040 | D:10     | Noticed a two-headed ogre
 12050 | D:10     | Killed a two-headed ogre
 12057 | D:10     | Found Ocacs's Assorted Antiques.
 12281 | D:10     | Noticed Harold
 12295 | D:10     | Killed Harold
 12745 | D:11     | Noticed an unseen horror
 12750 | D:11     | Killed an unseen horror
 13019 | D:11     | Found a staircase to the Lair.
 13105 | D:11     | Noticed Urug
 13126 | D:11     | Killed Urug
 13400 | D:11     | Noticed an unseen horror
 13413 | D:11     | Killed an unseen horror
 13413 | D:11     | Reached skill level 5 in Ice Magic
 13795 | D:12     | Noticed a cyclops
 13813 | D:12     | Noticed Nessos
 13823 | D:12     | Killed Nessos
 13823 | D:12     | Reached XP level 12. HP: 84/84 MP: 15/15
 13998 | D:12     | Found a snail-covered altar of Cheibriados.
 14198 | D:12     | Found Hitz's Weapon Boutique.
 14784 | D:13     | Reached skill level 5 in Invocations
 15069 | D:13     | Noticed a tengu warrior
 15086 | D:13     | Killed a tengu warrior
 15087 | D:13     | Noticed a tengu warrior
 15106 | D:13     | Killed a tengu warrior
 15364 | D:13     | Noticed a centaur warrior
 15368 | D:13     | Noticed a centaur warrior
 15385 | D:13     | Killed a centaur warrior
 15398 | D:13     | Killed a centaur warrior
 15435 | D:13     | Noticed an ettin
 15926 | D:13     | HP: 4/84 [efreet/fireball (29)]
 15927 | D:13     | Killed from afar by an efreet

Vault maps used:
D:1:      matt_arrival_grand_opening
D:2:      led_sif_pool
D:3:      first_ration
D:4:      vehumet_crystals, serial_shops, shop, gup_sewer_entry_bubbles,
          minmay_hedge_maze, nemelex_lonely_heart_becter
D:5:      serial_shops, kennysheep_mini_moat
D:6:      kennysheep_mini, nicolae_tso_besieged_by_evil,
          hangedman_abyss_or_decor_jellyfish_corner,
          nicolae_qazlal_eye_of_the_storm
D:7:      tgw_xom, lemuel_crystal_altar, nicolae_overflow_hidden_temple,
          minmay_temple_entry_hall, hangedman_minor_gate_pass
D:8:      uniq_psyche, uniq_joseph
D:9:      overflow_temple_1_default, nemelex_altar_shiori,
          grunt_temple_overflow_open, lemuel_coloured_pillars_altar,
          serial_shops, shop, shop, nicolae_shop_behind_doors, shop,
          grunt_pizzeria
D:10:     orc_0_dummy, serial_shops, nicolae_shop_overgrown_old_shop, shop,
          fedhas_altar_2, uniq_harold
D:11:     erik_lair_dragon, minivault_5, uniq_urug
D:12:     serial_shops, shop, cheibriados_altar_1, uniq_nessos
D:13:     minmay_sliced_demisemicircle
Temple:   eino_temple_lava
Sewer:    sewer_kobolds

Skill      XL: |  1  2  3  4  5  6  7  8  9 10 11 12 |
---------------+-------------------------------------+-----
Transmutations | 3 4 5 6 7 8 11 12 13 | 13.6
Poison Magic   | 1 2 3 4 5 6 |  6.8
Dodging        | 3 4 5 7 10 11 13 | 13.1
Unarmed Combat | 4 6 9 11 | 11.2
Fighting       | 2 3 4 |  4.7
Ice Magic      | 3 5 6 |  6.4
Invocations    | 2 4 5 |  5.7
Spellcasting   | |  2.0

Action                   |  1- 3 |  4- 6 |  7- 9 | 10-12 || total
-------------------------+-------+-------+-------+-------++-------
Melee: Unarmed           |   133 |   236 |   329 |   657 ||  1355
       Headbutt          |    12 |    15 |    20 |    10 ||    57
       Punch             |     2 |     2 |     3 |     3 ||    10
 Cast: Beastly Appendage |    20 |    21 |    16 |    16 ||    73
       Spider Form       |       |    15 |    31 |    39 ||    85
       Sticks to Snakes  |       |       |    12 |     7 ||    19
  Use: Potion            |       |     1 |     1 |     9 ||    11
       Scroll            |       |       |     9 |    11 ||    20
 Stab: Sleeping          |       |       |     2 |       ||     2
       Distracted        |       |       |     2 |       ||     2
  Eat: Chunk             |     3 |     9 |    16 |    23 ||    51
       Ration            |       |     1 |     1 |     2 ||     4
Armor: Robe              |    17 |    24 |     5 |     8 ||    54
       Skin              |       |       |    10 |     7 ||    17
Dodge: Dodged            |    72 |   216 |   242 |   584 ||  1114
       Deflected         |       |       |       |     3 ||     3
Block: Other             |       |       |    10 |   107 ||   117

Table legend:
 A = Spawn XP
 B = Non-spawn XP
 C = Spawn XP percentage of total XP
 D = Spawn monster count
 E = Non-spawn monster count
 F = Spawn count percentage of total count
 G = Total turns spent on level
                    A         B        C        D         E        F      G
               +---------+---------+-------+---------+---------+-------+---------
         Total |       0 |   28867 |   0.0 |       0 |     330 |   0.0 | 15927
               +---------+---------+-------+---------+---------+-------+---------
           D:1 |       0 |      27 |   0.0 |       0 |      16 |   0.0 |   823
           D:2 |       0 |     105 |   0.0 |       0 |      38 |   0.0 |  2084
           D:3 |       0 |      22 |   0.0 |       0 |       9 |   0.0 |   615
           D:4 |       0 |     451 |   0.0 |       0 |      29 |   0.0 |  1252
           D:5 |       0 |     241 |   0.0 |       0 |      10 |   0.0 |   762
           D:6 |       0 |     759 |   0.0 |       0 |      26 |   0.0 |  1506
           D:7 |       0 |    1632 |   0.0 |       0 |      40 |   0.0 |  1599
           D:8 |       0 |    1565 |   0.0 |       0 |      19 |   0.0 |  1189
           D:9 |       0 |    4175 |   0.0 |       0 |      50 |   0.0 |  1540
          D:10 |       0 |    3474 |   0.0 |       0 |      15 |   0.0 |   923
          D:11 |       0 |    4937 |   0.0 |       0 |      25 |   0.0 |  1169
          D:12 |       0 |    3242 |   0.0 |       0 |      18 |   0.0 |  1092
          D:13 |       0 |    8104 |   0.0 |       0 |      23 |   0.0 |  1066
         Sewer |       0 |     133 |   0.0 |       0 |      12 |   0.0 |   236
               +---------+---------+-------+---------+---------+-------+---------
